[ AOE2 MATCH · #476452381 ]
Team RMKoreans vs Burgundians
[ REPLAY ANALYSIS · EXTRACTED FROM THE RECORDED GAME ]
Feudal
10:12
Castle
—
Imperial
—
| APM avg | 11.3 |
| APM peak | 28 |
| eAPM avg | 8.4 |
| Villagers / military | 38 / 6 |
Focus
⚔️ 13.4% · 🌾 86.6%
Spearman ×4 · Archer ×2
Feudal
11:05
Castle
—
Imperial
—
| APM avg | 21.2 |
| APM peak | 44 |
| eAPM avg | 11.9 |
| Villagers / military | 59 / 7 |
Focus
⚔️ 15.7% · 🌾 84.3%
Spearman ×7 · Unknown (2550) ×4
Feudal
8:52
Castle
12:34
Imperial
—
| APM avg | 44.2 |
| APM peak | 76 |
| eAPM avg | 15.5 |
| Villagers / military | 39 / 18 |
Focus
⚔️ 40.7% · 🌾 59.3%
Scorpion ×14 · Battering Ram ×4
Feudal
9:37
Castle
—
Imperial
—
| APM avg | 27.7 |
| APM peak | 53 |
| eAPM avg | 10.6 |
| Villagers / military | 38 / 10 |
Focus
⚔️ 14.6% · 🌾 85.4%
Scout Cavalry ×8 · Archer ×2
Feudal
9:25
Castle
—
Imperial
—
| APM avg | 42.2 |
| APM peak | 98 |
| eAPM avg | 11.5 |
| Villagers / military | 37 / 4 |
Focus
⚔️ 12.7% · 🌾 87.3%
Scout Cavalry ×4
Feudal
12:19
Castle
—
Imperial
—
| APM avg | 10.1 |
| APM peak | 31 |
| eAPM avg | 5.1 |
| Villagers / military | 17 / 7 |
Focus
⚔️ 17.9% · 🌾 82.1%
Spearman ×7
Match map
Initial resources + every placement click. Lines = walls · curves = elevation contours. ◆ gold · ⬟ stone · ● berries · ✦ relic · ◌ wall gap
Your base· Open — unwalled flank
matiev-82's base· Open — unwalled flank
myth大帝110110110's base· Open — unwalled flank
Cubot's base· Open — unwalled flank
boke9190's base· ✓ Closed at 17:40 · 62t walls · no gate
Shaquel's base· Open — unwalled flank
Smoothed initial terrain · ◌ = detected wall gap · hover for details
Inputs per minute
— zeno - - matiev-82
Build order — zeno
87 actions detected in the replay
| 0:02 | Build | House |
| 0:05 | Build | House |
| 0:08 | Create | Villager (Male) |
| 0:08 | Create | Villager (Male) |
| 0:08 | Create | Villager (Male) |
| 0:08 | Create | Villager (Male) |
| 1:51 | Create | Villager (Male) |
| 1:51 | Create | Villager (Male) |
| 1:56 | Build | Lumber Camp |
| 2:07 | Create | Villager (Male) |
| 2:33 | Create | Villager (Male) |
| 3:01 | Create | Villager (Male) |
| 3:11 | Create | Villager (Male) |
| 3:43 | Create | Villager (Male) |
| 3:43 | Create | Villager (Male) |
| 4:01 | Build | House |
| 4:29 | Create | Villager (Male) |
| 4:29 | Create | Villager (Male) |
| 4:37 | Build | House |
| 4:50 | Build | Palisade Wall |
| 5:17 | Build | House |
| 5:21 | Create | Villager (Male) |
| 5:21 | Create | Villager (Male) |
| 6:09 | Build | House |
| 6:19 | Build | Mill |
| 6:22 | Create | Villager (Male) |
| 6:23 | Create | Villager (Male) |
| 7:04 | Create | Villager (Male) |
| 7:04 | Create | Villager (Male) |
| 7:59 | Research | Feudal Age |
| 8:22 | Build | Barracks |
| 8:30 | Create | Villager (Male) |
| 8:30 | Create | Villager (Male) |
| 10:12 | Age | Feudal Age |
| 10:19 | Build | Archery Range |
| 10:23 | Build | House |
| 10:29 | Research | Horse Collar |
| 10:30 | Research | Double-Bit Axe |
| 10:44 | Create | Villager (Male) |
| 10:44 | Create | Villager (Male) |
| 11:24 | Build | Market |
| 11:38 | Build | Palisade Wall |
| 11:44 | Build | Blacksmith |
| 11:51 | Create | Villager (Male) |
| 11:51 | Create | Villager (Male) |
| 11:59 | Build | Farm |
| 12:00 | Build | Farm |
| 12:02 | Build | Farm |
| 12:03 | Build | Farm |
| 12:24 | Create | Villager (Male) |
| 12:24 | Create | Villager (Male) |
| 12:31 | Build | Farm |
| 12:32 | Build | Farm |
| 12:34 | Build | Farm |
| 12:45 | Research | Loom |
| 13:01 | Build | Palisade Wall |
| 13:18 | Build | Palisade Wall |
| 13:29 | Build | Mining Camp |
| 13:32 | Create | Villager (Male) |
| 13:33 | Create | Villager (Male) |
| 13:47 | Build | Farm |
| 13:48 | Build | Farm |
| 13:51 | Create | Villager (Male) |
| 13:51 | Create | Villager (Male) |
| 14:27 | Create | Archer |
| 14:28 | Create | Archer |
| 14:36 | Create | Villager (Male) |
| 14:36 | Create | Villager (Male) |
| 14:57 | Build | Mining Camp |
| 15:00 | Build | Farm |
| 15:31 | Build | Palisade Wall |
| 15:39 | Build | Palisade Wall |
| 16:23 | Create | Spearman |
| 16:23 | Create | Spearman |
| 17:05 | Create | Spearman |
| 17:05 | Create | Spearman |
| 18:00 | Create | Villager (Male) |
| 18:00 | Create | Villager (Male) |
| 18:01 | Create | Villager (Male) |
| 18:13 | Research | Gold Mining |
| 18:46 | Create | Villager (Male) |
| 19:45 | Build | Farm |
| 19:47 | Build | Farm |
| 19:48 | Build | Farm |
| 19:49 | Build | Farm |
| 19:50 | Build | Farm |
| 19:51 | Build | Farm |
Build order — matiev-82
86 actions detected in the replay
| 0:05 | Build | House |
| 0:09 | Create | Villager (Male) ×4 |
| 0:09 | Create | Villager (Male) ×4 |
| 1:23 | Create | Villager (Male) |
| 1:23 | Create | Villager (Male) |
| 2:23 | Create | Villager (Male) |
| 2:23 | Create | Villager (Male) |
| 2:23 | Create | Villager (Male) |
| 2:29 | Create | Villager (Male) |
| 2:29 | Create | Villager (Male) |
| 2:45 | Create | Villager (Male) |
| 2:46 | Create | Villager (Male) |
| 3:17 | Create | Villager (Male) |
| 3:17 | Create | Villager (Male) |
| 3:18 | Create | Villager (Male) |
| 3:18 | Create | Villager (Male) |
| 3:38 | Create | Villager (Male) |
| 3:38 | Create | Villager (Male) |
| 4:00 | Build | Settlement |
| 4:24 | Create | Villager (Male) |
| 4:24 | Create | Villager (Male) |
| 4:25 | Create | Villager (Male) |
| 4:25 | Create | Villager (Male) |
| 4:42 | Build | Settlement |
| 4:50 | Create | Villager (Male) |
| 4:51 | Create | Villager (Male) |
| 5:22 | Create | Villager (Male) |
| 5:22 | Create | Villager (Male) |
| 5:22 | Create | Villager (Male) |
| 6:04 | Create | Villager (Male) |
| 6:04 | Create | Villager (Male) |
| 6:24 | Create | Villager (Male) |
| 6:24 | Create | Villager (Male) |
| 6:24 | Create | Villager (Male) |
| 7:13 | Create | Villager (Male) |
| 7:14 | Create | Villager (Male) |
| 7:49 | Create | Villager (Male) |
| 7:50 | Create | Villager (Male) |
| 8:55 | Research | Feudal Age |
| 9:13 | Create | Villager (Male) |
| 9:14 | Create | Villager (Male) |
| 9:14 | Create | Villager (Male) |
| 9:15 | Create | Villager (Male) |
| 9:15 | Create | Villager (Male) |
| 9:34 | Build | Barracks |
| 10:32 | Create | Villager (Male) |
| 10:32 | Create | Villager (Male) |
| 10:32 | Create | Villager (Male) |
| 10:46 | Create | Unit 2550 |
| 10:47 | Create | Unit 2550 |
| 10:47 | Create | Unit 2550 |
| 10:47 | Create | Unit 2550 |
| 11:05 | Age | Feudal Age |
| 11:09 | Create | Spearman |
| 11:09 | Create | Spearman |
| 11:24 | Build | Blacksmith |
| 12:14 | Research | Scale Mail Armor |
| 13:02 | Create | Villager (Male) |
| 13:02 | Create | Villager (Male) |
| 13:11 | Research | Forging |
| 13:16 | Build | Barracks |
| 13:34 | Create | Spearman |
| 14:18 | Create | Villager (Male) |
| 14:18 | Create | Villager (Male) |
| 14:19 | Create | Villager (Male) |
| 14:51 | Build | House |
| 14:57 | Build | Palisade Wall |
| 15:41 | Build | Settlement |
| 16:17 | Build | Farm |
| 16:17 | Build | Farm |
| 16:18 | Build | Farm |
| 16:18 | Build | Farm |
| 16:18 | Build | Farm |
| 16:51 | Create | Spearman |
| 16:51 | Create | Spearman |
| 17:50 | Create | Spearman |
| 17:50 | Create | Spearman |
| 18:33 | Build | Market |
| 18:40 | Create | Villager (Male) |
| 18:40 | Create | Villager (Male) |
| 18:55 | Build | Farm |
| 19:11 | Build | Farm |
| 19:14 | Create | Villager (Male) |
| 19:14 | Create | Villager (Male) |
| 19:14 | Create | Villager (Male) |
| 19:46 | Build | Farm |
Build order — myth大帝110110110
90 actions detected in the replay
| 0:02 | Create | Villager (Male) |
| 0:02 | Create | Villager (Male) |
| 0:02 | Create | Villager (Male) |
| 0:04 | Build | House |
| 0:06 | Build | House |
| 0:10 | Create | Villager (Male) |
| 0:10 | Create | Villager (Male) |
| 1:23 | Create | Villager (Male) |
| 1:24 | Create | Villager (Male) |
| 1:58 | Create | Villager (Male) |
| 1:58 | Create | Villager (Male) |
| 1:59 | Create | Villager (Male) |
| 2:16 | Create | Villager (Male) |
| 2:16 | Create | Villager (Male) |
| 2:28 | Create | Villager (Male) |
| 3:00 | Build | Lumber Camp |
| 3:10 | Build | House |
| 3:14 | Create | Villager (Male) |
| 3:14 | Create | Villager (Male) |
| 3:40 | Create | Villager (Male) |
| 3:40 | Create | Villager (Male) |
| 3:41 | Create | Villager (Male) |
| 3:41 | Create | Villager (Male) |
| 4:17 | Create | Villager (Male) |
| 4:18 | Create | Villager (Male) |
| 4:39 | Create | Villager (Male) |
| 4:39 | Create | Villager (Male) |
| 4:39 | Create | Villager (Male) |
| 5:00 | Create | Villager (Male) |
| 5:00 | Create | Villager (Male) |
| 5:31 | Build | Mill |
| 6:05 | Research | Loom |
| 6:35 | Research | Feudal Age |
| 6:36 | Research | Feudal Age |
| 8:52 | Age | Feudal Age |
| 8:56 | Build | Market |
| 9:02 | Build | Blacksmith |
| 9:54 | Research | Castle Age |
| 9:54 | Research | Castle Age |
| 10:56 | Build | Mining Camp |
| 11:02 | Research | Double-Bit Axe |
| 11:02 | Research | Double-Bit Axe |
| 11:27 | Build | House |
| 11:32 | Build | Palisade Wall |
| 11:34 | Build | Palisade Wall |
| 11:36 | Build | Palisade Wall |
| 11:37 | Build | Palisade Wall |
| 11:40 | Build | Palisade Wall |
| 11:57 | Create | Villager (Male) |
| 12:20 | Build | House |
| 12:34 | Age | Castle Age |
| 12:38 | Build | Siege Workshop |
| 13:06 | Create | Villager (Male) |
| 13:43 | Create | Scorpion |
| 13:43 | Create | Scorpion |
| 13:47 | Build | House |
| 13:51 | Build | Siege Workshop |
| 14:05 | Create | Battering Ram |
| 14:28 | Create | Scorpion |
| 14:56 | Create | Battering Ram |
| 14:56 | Create | Battering Ram |
| 15:17 | Create | Scorpion |
| 15:17 | Create | Scorpion |
| 15:18 | Create | Scorpion |
| 16:05 | Create | Scorpion |
| 16:05 | Create | Scorpion |
| 16:05 | Create | Scorpion |
| 16:23 | Build | House |
| 16:24 | Build | House |
| 17:04 | Build | House |
| 17:38 | Create | Battering Ram |
| 17:53 | Create | Villager (Male) |
| 17:53 | Create | Villager (Male) |
| 17:54 | Create | Villager (Male) |
| 17:55 | Create | Villager (Male) |
| 17:55 | Create | Villager (Male) |
| 18:01 | Create | Villager (Male) |
| 18:06 | Create | Villager (Male) |
| 18:07 | Create | Villager (Male) |
| 18:10 | Create | Villager (Male) |
| 18:10 | Create | Villager (Male) |
| 18:13 | Build | House |
| 18:14 | Build | House |
| 18:16 | Build | House |
| 18:37 | Create | Scorpion |
| 18:38 | Create | Scorpion |
| 18:38 | Create | Scorpion |
| 18:38 | Create | Scorpion |
| 18:52 | Create | Scorpion |
| 19:37 | Create | Villager (Male) |
Build order — Cubot
86 actions detected in the replay
| 0:01 | Create | Villager (Male) |
| 0:01 | Create | Villager (Male) |
| 0:04 | Build | House |
| 0:06 | Build | House |
| 0:33 | Create | Villager (Male) |
| 0:33 | Create | Villager (Male) |
| 1:46 | Create | Villager (Male) |
| 1:47 | Create | Villager (Male) |
| 1:47 | Create | Villager (Male) |
| 2:24 | Build | Lumber Camp |
| 2:55 | Create | Villager (Male) |
| 2:55 | Create | Villager (Male) |
| 3:32 | Create | Villager (Male) |
| 3:32 | Create | Villager (Male) |
| 4:00 | Build | House |
| 4:14 | Build | House |
| 4:39 | Create | Villager (Male) |
| 4:39 | Create | Villager (Male) |
| 4:39 | Create | Villager (Male) |
| 5:20 | Build | Mill |
| 5:23 | Create | Villager (Male) |
| 6:02 | Create | Villager (Male) |
| 6:03 | Create | Villager (Male) |
| 6:29 | Research | Loom |
| 7:24 | Build | Barracks |
| 7:27 | Research | Feudal Age |
| 9:11 | Create | Villager (Male) |
| 9:37 | Age | Feudal Age |
| 9:40 | Build | Stable |
| 9:51 | Create | Villager (Male) |
| 10:07 | Research | Double-Bit Axe |
| 10:15 | Build | House |
| 10:18 | Create | Scout Cavalry |
| 10:18 | Create | Scout Cavalry |
| 10:18 | Create | Scout Cavalry |
| 10:23 | Create | Villager (Male) |
| 10:23 | Create | Villager (Male) |
| 10:33 | Research | Horse Collar |
| 10:57 | Build | Farm |
| 11:21 | Build | Farm |
| 11:22 | Build | Farm |
| 11:31 | Build | Farm |
| 11:56 | Create | Villager (Male) |
| 11:56 | Create | Villager (Male) |
| 11:56 | Create | Villager (Male) |
| 11:57 | Create | Villager (Male) |
| 12:01 | Build | Farm |
| 12:13 | Create | Scout Cavalry |
| 12:14 | Create | Scout Cavalry |
| 12:54 | Build | House |
| 12:55 | Build | House |
| 13:14 | Create | Villager (Male) |
| 13:15 | Create | Villager (Male) |
| 13:15 | Create | Villager (Male) |
| 13:17 | Build | Lumber Camp |
| 14:17 | Create | Scout Cavalry |
| 14:17 | Create | Scout Cavalry |
| 14:26 | Build | Farm |
| 14:35 | Create | Scout Cavalry |
| 14:45 | Build | Blacksmith |
| 15:13 | Build | Archery Range |
| 15:19 | Build | Mining Camp |
| 15:27 | Build | Farm |
| 15:53 | Create | Villager (Male) |
| 15:53 | Create | Villager (Male) |
| 15:54 | Create | Villager (Male) |
| 15:54 | Create | Villager (Male) |
| 16:45 | Build | Farm |
| 17:07 | Build | Farm |
| 17:21 | Research | Man-at-Arms (upgrade) |
| 17:23 | Build | Farm |
| 17:43 | Build | Farm |
| 17:56 | Create | Villager (Male) |
| 17:56 | Create | Villager (Male) |
| 17:57 | Create | Villager (Male) |
| 17:57 | Create | Villager (Male) |
| 18:00 | Create | Archer |
| 18:00 | Create | Archer |
| 18:08 | Build | House |
| 18:09 | Build | House |
| 18:59 | Build | Farm |
| 19:00 | Build | Farm |
| 19:34 | Build | Farm |
| 19:40 | Create | Villager (Male) |
| 19:40 | Create | Villager (Male) |
| 19:44 | Build | Market |
Build order — boke9190
94 actions detected in the replay
| 0:01 | Create | Villager (Male) |
| 0:01 | Create | Villager (Male) |
| 0:02 | Create | Villager (Male) |
| 0:03 | Build | House |
| 0:05 | Build | House |
| 0:38 | Create | Villager (Male) |
| 0:38 | Create | Villager (Male) |
| 1:27 | Create | Villager (Male) |
| 1:27 | Create | Villager (Male) |
| 1:57 | Build | Lumber Camp |
| 2:09 | Create | Villager (Male) |
| 2:10 | Create | Villager (Male) |
| 2:37 | Create | Villager (Male) |
| 2:37 | Create | Villager (Male) |
| 3:06 | Create | Villager (Male) |
| 3:13 | Build | House |
| 3:57 | Create | Villager (Male) |
| 4:11 | Create | Villager (Male) |
| 4:18 | Build | Mill |
| 4:52 | Create | Villager (Male) |
| 4:52 | Create | Villager (Male) |
| 5:29 | Create | Villager (Male) |
| 5:55 | Create | Villager (Male) |
| 6:45 | Research | Loom |
| 7:15 | Research | Feudal Age |
| 7:30 | Build | Barracks |
| 7:42 | Research | Double-Bit Axe |
| 8:12 | Build | House |
| 9:15 | Build | Palisade Wall |
| 9:25 | Age | Feudal Age |
| 9:29 | Create | Villager (Male) |
| 9:30 | Create | Villager (Male) |
| 9:47 | Build | Stable |
| 9:55 | Build | Palisade Wall |
| 10:08 | Create | Villager (Male) |
| 10:13 | Build | House |
| 10:16 | Build | House |
| 10:19 | Build | Palisade Wall |
| 10:23 | Build | Palisade Wall |
| 10:29 | Create | Villager (Male) |
| 10:33 | Create | Scout Cavalry |
| 10:34 | Create | Scout Cavalry |
| 10:34 | Create | Scout Cavalry |
| 10:56 | Build | Palisade Wall |
| 11:12 | Create | Scout Cavalry |
| 11:23 | Create | Villager (Male) |
| 11:24 | Create | Villager (Male) |
| 11:30 | Build | Palisade Wall |
| 11:36 | Build | Palisade Wall |
| 11:39 | Create | Villager (Male) |
| 11:46 | Build | Farm |
| 11:48 | Build | Farm |
| 12:10 | Build | Farm |
| 12:18 | Build | Palisade Wall |
| 12:23 | Create | Villager (Male) |
| 12:54 | Create | Villager (Male) |
| 12:58 | Build | Farm |
| 13:00 | Build | Farm |
| 13:01 | Build | Farm |
| 13:03 | Create | Villager (Male) |
| 13:26 | Create | Villager (Male) |
| 13:29 | Build | Farm |
| 13:39 | Build | House |
| 13:55 | Build | Blacksmith |
| 13:59 | Create | Villager (Male) |
| 14:01 | Research | Horse Collar |
| 14:08 | Build | Farm |
| 14:32 | Create | Villager (Male) |
| 14:32 | Create | Villager (Male) |
| 14:35 | Build | Farm |
| 14:43 | Build | Farm |
| 14:45 | Build | Farm |
| 15:02 | Create | Villager (Male) |
| 15:13 | Build | Mining Camp |
| 15:28 | Create | Villager (Male) |
| 15:30 | Build | Farm |
| 15:43 | Research | Forging |
| 16:06 | Create | Villager (Male) |
| 16:20 | Create | Villager (Male) |
| 16:25 | Build | Market |
| 16:44 | Create | Villager (Male) |
| 17:05 | Build | Farm |
| 17:40 | Research | Castle Age |
| 18:06 | Build | Palisade Gate |
| 18:11 | Build | Farm |
| 18:14 | Research | Bow Saw |
| 18:24 | Build | Farm |
| 18:26 | Build | Farm |
| 18:28 | Build | Farm |
| 18:31 | Build | Farm |
| 18:34 | Build | Farm |
| 18:45 | Research | Scale Barding Armor |
| 18:53 | Research | Gold Mining |
| 19:34 | Build | Stable |
Build order — Shaquel
37 actions detected in the replay
| 0:04 | Research | Loom |
| 0:04 | Create | Villager (Male) |
| 0:04 | Create | Villager (Male) |
| 0:04 | Create | Villager (Male) |
| 0:05 | Create | Villager (Male) |
| 0:11 | Build | House |
| 0:12 | Build | House |
| 2:11 | Create | Villager (Male) |
| 2:48 | Create | Villager (Male) |
| 2:48 | Create | Villager (Male) |
| 3:45 | Create | Villager (Male) |
| 4:22 | Create | Villager (Male) |
| 4:22 | Create | Villager (Male) |
| 4:32 | Build | House |
| 5:17 | Create | Villager (Male) |
| 5:18 | Create | Villager (Male) |
| 6:29 | Create | Villager (Male) |
| 6:30 | Create | Villager (Male) |
| 6:32 | Create | Villager (Male) |
| 6:33 | Create | Villager (Male) |
| 6:45 | Create | Villager (Male) |
| 8:50 | Build | Lumber Camp |
| 9:22 | Build | Mill |
| 10:09 | Research | Feudal Age |
| 11:20 | Build | Barracks |
| 12:19 | Age | Feudal Age |
| 12:59 | Create | Spearman |
| 12:59 | Create | Spearman |
| 12:59 | Create | Spearman |
| 12:59 | Create | Spearman |
| 13:00 | Create | Spearman |
| 13:02 | Create | Spearman |
| 13:03 | Create | Spearman |
| 13:29 | Build | House |
| 13:31 | Build | House |
| 13:32 | Build | House |
| 15:38 | Research | Man-at-Arms (upgrade) |
Match timeline
| 4:50 | zeno · wall_segment Palisade Wall x1 |
| 7:24 | Cubot · first_building Barracks |
| 7:30 | boke9190 · first_building Barracks |
| 8:22 | zeno · first_building Barracks |
| 8:52 | myth大帝110110110 · age_up feudal |
| 9:15 | boke9190 · wall_segment Palisade Wall x13 |
| 9:25 | boke9190 · age_up feudal |
| 9:34 | matiev-82 · first_building Barracks |
| 9:37 | Cubot · age_up feudal |
| 9:40 | Cubot · first_building Stable |
| 9:47 | boke9190 · first_building Stable |
| 9:52 | myth大帝110110110 · first_market_sell 100 stone |
| 9:55 | boke9190 · wall_segment Palisade Wall x1 |
| 10:12 | zeno · age_up feudal |
| 10:19 | zeno · first_building Archery Range |
| 10:19 | boke9190 · wall_segment Palisade Wall x3 |
| 10:23 | boke9190 · wall_segment Palisade Wall x14 |
| 10:56 | boke9190 · wall_segment Palisade Wall x2 |
| 11:05 | matiev-82 · age_up feudal |
| 11:20 | Shaquel · first_building Barracks |
| 11:30 | boke9190 · wall_segment Palisade Wall x15 |
| 11:32 | myth大帝110110110 · wall_segment Palisade Wall x1 |
| 11:34 | myth大帝110110110 · wall_segment Palisade Wall x1 |
| 11:36 | myth大帝110110110 · wall_segment Palisade Wall x1 |
| 11:36 | boke9190 · wall_segment Palisade Wall x13 |
| 11:37 | myth大帝110110110 · wall_segment Palisade Wall x1 |
| 11:38 | zeno · wall_segment Palisade Wall x5 |
| 11:40 | myth大帝110110110 · wall_segment Palisade Wall x1 |
| 12:18 | boke9190 · wall_segment Palisade Wall x4 |
| 12:19 | Shaquel · age_up feudal |
| 12:34 | myth大帝110110110 · age_up castle |
| 12:38 | myth大帝110110110 · first_building Siege Workshop |
| 13:01 | zeno · wall_segment Palisade Wall x6 |
| 13:18 | zeno · wall_segment Palisade Wall x14 |
| 14:57 | matiev-82 · wall_segment Palisade Wall x1 |
| 15:13 | Cubot · first_building Archery Range |
| 15:31 | zeno · wall_segment Palisade Wall x8 |
| 15:39 | zeno · wall_segment Palisade Wall x7 |
| 19:47 | Shaquel · resign |
[ AI ANALYSIS · 1 CREDIT ]
What really happened in this match?
Wolo.gg analyzes every decision: build order, eco, micro, common mistakes by bracket. Personalized analysis on WhatsApp or Discord in 30 seconds.
Civ guide
Koreans
Map guide
Arabia
Perfil
Jugador #260121